ESL (28 & UNDER)
INTERCOURSE AMISH @ BUFFALO LIGHTSABRES
08/01/2028
 
TOP OF THE 1ST
Intercourse Amish batting - Pitching for Buffalo LightSabres : RHP Ben Graham
Pitching: RHP Ben Graham
Batting: LHB Dave Reynolds 0-0: Ball
1-0: Ball
2-0: Ball
3-0: Base on Balls
Batting: RHB Frank Maxwell 0-0: Called Strike
0-1: Swinging Strike
0-2: Ball
1-2: SINGLE (Groundball, 4MD)
Dave Reynolds to second
Batting: RHB Juan Estrada 0-0: Ball
1-0: Ball
2-0: Called Strike
2-1: Swinging Strike
2-2: Fly out, F9 (Flyball, 9)
Batting: RHB Juan Caceres 0-0: Called Strike
0-1: Called Strike
0-2: Foul Ball, location: 2F
0-2: Ball
1-2: Ball
Wild Pitch!
Dave Reynolds to third
Frank Maxwell to second
2-2: Strikes out swinging
Batting: LHB Caleb Hall 0-0: Called Strike
0-1: Ball
1-1: Ball
2-1: Called Strike
2-2: Foul Ball, location: 2F
2-2: Foul Ball, location: 2F
2-2: Ball
3-2: SINGLE (Groundball, 6MD)
Dave Reynolds scores
Frank Maxwell to third
Frank Maxwell scores
Batting: SHB Conan Hanson 0-0: Called Strike
0-1: Fly out, F7 (Flyball, 7D)
Top of the 1st over - 2 run(s), 2 hit(s), 0 error(s), 1 left on base; Intercourse 2 - Buffalo 0
BOTTOM OF THE 1ST
Buffalo LightSabres batting - Pitching for Intercourse Amish : RHP Jeff Davis
Pitching: RHP Jeff Davis
Batting: SHB Jason Mason 0-0: Foul Ball, location: 2F
0-1: Called Strike
0-2: Ball
1-2: Strikes out swinging
Batting: RHB Gabriel 聲gel 0-0: Ball
1-0: Called Strike
1-1: Ball
2-1: Swinging Strike
2-2: Strikes out swinging
Batting: LHB Garrett King 0-0: Called Strike
0-1: Ball
1-1: Called Strike
1-2: Foul Ball, location: 2F
1-2: Ball
2-2: Ball
3-2: Base on Balls
Batting: LHB Zack Payton 0-0: Swinging Strike
0-1: Ball
1-1: Ball
2-1: SINGLE (Flyball, 78S)
Garrett King to second
Batting: RHB John Warren 0-0: Called Strike
0-1: Foul Ball, location: 2F
0-2: Foul Ball, location: 2F
0-2: Ball
1-2: Foul Ball, location: 2F
1-2: Hit by Pitch
Garrett King to third
Zack Payton to second
Batting: LHB Craig Kenney 0-0: Called Strike
0-1: Foul Ball, location: 2F
0-2: Ball
1-2: Ball
2-2: Foul Ball, location: 2F
2-2: Ground out 4-3 (Groundball, 34D)
Bottom of the 1st over - 0 run(s), 1 hit(s), 0 error(s), 3 left on base; Intercourse 2 - Buffalo 0
TOP OF THE 2ND
Intercourse Amish batting - Pitching for Buffalo LightSabres : RHP Ben Graham
Batting: SHB Ralph Robison 0-0: Ball
1-0: SINGLE (Groundball, 34D)
Batting: LHB Bruce Foster 0-0: Ball
1-0: Fly out, F5 (Flyball, 5D)
Batting: LHB Tony O'Bryan 0-0: Called Strike
0-1: Ball
1-1: Foul Ball, location: 2F
1-2: SINGLE (Line Drive, 8RS)
Ralph Robison to second
Batting: LHB Dave Reynolds 0-0: Called Strike
0-1: Swinging Strike
0-2: Foul Ball, location: 2F
0-2: Ball
1-2: Fly out, F8 (Flyball, 8RS)
Batting: RHB Frank Maxwell 0-0: Foul Ball, location: 2F
0-1: Called Strike
0-2: Ball
1-2: Ball
2-2: Ball
3-2: Foul Ball, location: 2F
3-2: Foul Ball, location: 2F
3-2: Base on Balls
Ralph Robison to third
Tony O'Bryan to second
Batting: RHB Juan Estrada 0-0: Ball
1-0: Swinging Strike
1-1: SINGLE (Flyball, 78S)
Ralph Robison scores
Tony O'Bryan to third
Frank Maxwell to second
Batting: RHB Juan Caceres 0-0: Called Strike
0-1: Ball
1-1: Called Strike
1-2: Strikes out swinging
Top of the 2nd over - 1 run(s), 3 hit(s), 0 error(s), 3 left on base; Intercourse 3 - Buffalo 0
BOTTOM OF THE 2ND
Buffalo LightSabres batting - Pitching for Intercourse Amish : RHP Jeff Davis
Batting: RHB Augusto Padilla 0-0: Swinging Strike
0-1: Swinging Strike
0-2: Ball
1-2: Ball
2-2: Ball
3-2: Strikes out swinging
Batting: RHB Mike Wagner 0-0: Ball
1-0: Ball
2-0: Called Strike
2-1: Ball
3-1: Swinging Strike
3-2: Strikes out swinging
Batting: RHB Pedro Romero 0-0: Foul Ball, location: 2F
0-1: Ball
1-1: Called Strike
1-2: Strikes out swinging
Bottom of the 2nd over - 0 run(s), 0 hit(s), 0 error(s), 0 left on base; Intercourse 3 - Buffalo 0
TOP OF THE 3RD
Intercourse Amish batting - Pitching for Buffalo LightSabres : RHP Ben Graham
Batting: LHB Caleb Hall 0-0: Ball
1-0: Foul Ball, location: 2F
1-1: Called Strike
1-2: Strikes out swinging
Batting: SHB Conan Hanson 0-0: Ball
1-0: SINGLE (Line Drive, 7S)
Batting: SHB Ralph Robison 0-0: Ball
1-0: Foul Ball, location: 2F
1-1: Ball
2-1: Ball
3-1: Base on Balls
Conan Hanson to second
Batting: LHB Bruce Foster 0-0: Called Strike
Conan Hanson steals 3rd base
Ralph Robison to second
0-1: Ball
1-1: Ball
2-1: Ball
3-1: Base on Balls
Batting: LHB Tony O'Bryan 0-0: Foul Ball, location: 2F
0-1: Foul Ball, location: 2F
0-2: Hit by Pitch
Conan Hanson scores
Ralph Robison to third
Bruce Foster to second
Batting: LHB Dave Reynolds 0-0: Foul Ball, location: 2F
0-1: Ball
1-1: Grounds into fielders choice 1-2 (Groundball, P)
Bruce Foster to third
Tony O'Bryan to second
Batting: RHB Frank Maxwell 0-0: Called Strike
0-1: Foul Ball, location: 2F
0-2: Ball
1-2: Ball
2-2: Ground out 4-3 (Groundball, 4S)
Top of the 3rd over - 1 run(s), 1 hit(s), 0 error(s), 3 left on base; Intercourse 4 - Buffalo 0
BOTTOM OF THE 3RD
Buffalo LightSabres batting - Pitching for Intercourse Amish : RHP Jeff Davis
Batting: SHB Jason Mason 0-0: Foul Ball, location: 2F
0-1: Foul Ball, location: 2F
0-2: Fly out, F7 (Flyball, 7)
Batting: RHB Gabriel 聲gel 0-0: Called Strike
0-1: Ball
1-1: Called Strike
1-2: Strikes out swinging
Batting: LHB Garrett King 0-0: Ball
1-0: Called Strike
1-1: Ball
2-1: Called Strike
2-2: Foul Ball, location: 2F
2-2: Foul Ball, location: 2F
2-2: Ball
3-2: Foul Ball, location: 2F
3-2: Ground out 5-3 (Groundball, 56)
Bottom of the 3rd over - 0 run(s), 0 hit(s), 0 error(s), 0 left on base; Intercourse 4 - Buffalo 0
TOP OF THE 4TH
Intercourse Amish batting - Pitching for Buffalo LightSabres : RHP Ben Graham
Pitching: LHP Bobby MacGruder
Batting: RHB Juan Estrada 0-0: Ball
1-0: Ball
2-0: Called Strike
2-1: SOLO HOME RUN (Flyball, 7LD), Distance : 352 ft
Batting: RHB Juan Caceres 0-0: Foul Ball, location: 2F
0-1: SINGLE (Flyball, 8RS)
Batting: LHB Caleb Hall 0-0: Called Strike
0-1: Ball
1-1: Ball
2-1: Called Strike
2-2: Ground out 5-3 (Groundball, 56S)
Juan Caceres to second
Batting: SHB Conan Hanson 0-0: Ball
1-0: Foul Ball, location: 2F
1-1: Ball
2-1: SINGLE (Line Drive, 89S)
Juan Caceres to third
Batting: SHB Ralph Robison 0-0: Called Strike
0-1: Swinging Strike
0-2: Ball
1-2: Strikes out swinging
Batting: LHB Bruce Foster 0-0: Ball
1-0: Ball
2-0: Called Strike
2-1: Foul Ball, location: 2F
2-2: Strikes out swinging
Top of the 4th over - 1 run(s), 3 hit(s), 0 error(s), 2 left on base; Intercourse 5 - Buffalo 0
BOTTOM OF THE 4TH
Buffalo LightSabres batting - Pitching for Intercourse Amish : RHP Jeff Davis
Batting: LHB Zack Payton 0-0: Ground out 6-3 (Groundball, 6)
Batting: RHB John Warren 0-0: Foul Ball, location: 2F
0-1: Swinging Strike
0-2: SINGLE (Line Drive, 6MD)
Batting: LHB Craig Kenney 0-0: Swinging Strike
0-1: Foul Ball, location: 2F
0-2: Ball
1-2: Strikes out looking
Batting: RHB Augusto Padilla 0-0: Called Strike
0-1: Ball
1-1: Foul Ball, location: 2F
1-2: Foul Ball, location: 2F
1-2: Fly out, F9 (Flyball, 9S)
Bottom of the 4th over - 0 run(s), 1 hit(s), 0 error(s), 1 left on base; Intercourse 5 - Buffalo 0
TOP OF THE 5TH
Intercourse Amish batting - Pitching for Buffalo LightSabres : LHP Bobby MacGruder
Batting: LHB Tony O'Bryan 0-0: Called Strike
0-1: Swinging Strike
0-2: Hit by Pitch
Batting: LHB Dave Reynolds 0-0: Ball
1-0: Ball
2-0: Ball
3-0: Base on Balls
Tony O'Bryan to second
Batting: RHB Frank Maxwell 0-0: Foul Ball, location: 2F
0-1: Called Strike
0-2: Ball
1-2: Ball
2-2: 3-RUN HOME RUN (Flyball, 7D), Distance : 379 ft
Pitching: RHP Pat Jackson
Batting: RHB Juan Estrada 0-0: SINGLE (Groundball, 4MD)
Batting: RHB Juan Caceres 0-0: Ball
1-0: Ball
2-0: Ball
3-0: Base on Balls
Juan Estrada to second
Batting: LHB Caleb Hall 0-0: Called Strike
0-1: Ball
1-1: Foul Ball, location: 2F
1-2: Foul Ball, location: 2F
1-2: Ball
2-2: Strikes out swinging
Batting: SHB Conan Hanson 0-0: Called Strike
0-1: Called Strike
0-2: Foul Ball, location: 2F
0-2: Strikes out looking
Batting: SHB Ralph Robison 0-0: Ball
1-0: Foul Ball, location: 2F
1-1: Called Strike
1-2: Strikes out swinging
Top of the 5th over - 3 run(s), 2 hit(s), 0 error(s), 2 left on base; Intercourse 8 - Buffalo 0
BOTTOM OF THE 5TH
Buffalo LightSabres batting - Pitching for Intercourse Amish : RHP Jeff Davis
Batting: RHB Mike Wagner 0-0: Called Strike
0-1: Ball
1-1: Swinging Strike
1-2: Ball
2-2: Ball
3-2: Foul Ball, location: 2F
3-2: SINGLE (Groundball, 56D)
Batting: RHB Pedro Romero 0-0: Ball
1-0: Ball
2-0: Called Strike
2-1: Ball
3-1: Foul Ball, location: 2F
3-2: Base on Balls
Mike Wagner to second
Batting: SHB Jason Mason 0-0: Ball
1-0: Ball
2-0: Fielders Choice at 2nd, 3-6 (Groundball, 34)
Mike Wagner to third
Batting: RHB Gabriel 聲gel 0-0: Ball
1-0: Ball
2-0: Foul Ball, location: 2F
2-1: Ball
3-1: Foul Ball, location: 2F
3-2: Foul Ball, location: 2F
3-2: Grounds into double play, 6-4-3 (Groundball, 56)
Bottom of the 5th over - 0 run(s), 1 hit(s), 0 error(s), 1 left on base; Intercourse 8 - Buffalo 0
TOP OF THE 6TH
Intercourse Amish batting - Pitching for Buffalo LightSabres : RHP Pat Jackson
Batting: LHB Bruce Foster 0-0: Ball
1-0: Called Strike
1-1: Ball
2-1: Foul Ball, location: 2F
2-2: Foul Ball, location: 2F
2-2: Ground out 6-3 (Groundball, 6)
Batting: LHB Tony O'Bryan 0-0: Ball
1-0: SINGLE (Line Drive, 4MD)
Pitching: RHP Travis Whitney
Batting: LHB Dave Reynolds 0-0: Called Strike
0-1: TRIPLE (Line Drive, 3D)
Tony O'Bryan scores
Batting: RHB Frank Maxwell 0-0: Foul Ball, location: 2F
0-1: Foul Ball, location: 2F
0-2: Ball
1-2: Foul Ball, location: 2F
1-2: Ball
2-2: Ground out 4-3 (Groundball, 4S)
Dave Reynolds scores
Batting: RHB Juan Estrada 0-0: Swinging Strike
0-1: Called Strike
0-2: Ball
1-2: Ball
2-2: Strikes out swinging
Top of the 6th over - 2 run(s), 2 hit(s), 0 error(s), 0 left on base; Intercourse 10 - Buffalo 0
BOTTOM OF THE 6TH
Buffalo LightSabres batting - Pitching for Intercourse Amish : RHP Jeff Davis
Pitching: RHP Don Shelton
Batting: LHB Garrett King 0-0: Ball
1-0: Ball
2-0: Swinging Strike
2-1: Ball
3-1: Fly out, F8 (Flyball, 8LS)
Batting: LHB Zack Payton 0-0: Ball
1-0: Swinging Strike
1-1: Swinging Strike
1-2: Ball
2-2: SINGLE (Flyball, 6MD)
Batting: RHB John Warren 0-0: Ball
1-0: Swinging Strike
1-1: Ball
2-1: Ball
3-1: Base on Balls
Zack Payton to second
Batting: LHB Craig Kenney 0-0: Ball
1-0: Ball
2-0: Ball
3-0: Foul Ball, location: 2F
3-1: Base on Balls
Zack Payton to third
John Warren to second
Batting: RHB Augusto Padilla 0-0: Ball
1-0: Ball
2-0: Called Strike
2-1: Foul Ball, location: 2F
2-2: Ball
3-2: Fielders Choice at 2nd, 3-6 (Groundball, 34)
Zack Payton scores
John Warren to third
Batting: RHB Mike Wagner 0-0: Called Strike
0-1: Ball
1-1: Ball
2-1: Ball
3-1: Base on Balls
Augusto Padilla to second
Batting: RHB Pedro Romero 0-0: Ball
1-0: Foul Ball, location: 2F
1-1: Ball
2-1: Fielders Choice at 2nd, 6-4 (Groundball, 6)
Bottom of the 6th over - 1 run(s), 1 hit(s), 0 error(s), 2 left on base; Intercourse 10 - Buffalo 1
TOP OF THE 7TH
Intercourse Amish batting - Pitching for Buffalo LightSabres : RHP Travis Whitney
Batting: RHB Juan Caceres 0-0: Fly out, F9 (Flyball, 9LS)
Batting: LHB Caleb Hall 0-0: Ball
1-0: Foul Ball, location: 2F
1-1: Ball
2-1: Ball
3-1: Foul Ball, location: 2F
3-2: Base on Balls
Batting: SHB Conan Hanson 0-0: Called Strike
0-1: Ball
1-1: Fielders Choice at 2nd, 3-6 (Groundball, 34)
Batting: SHB Ralph Robison 0-0: Swinging Strike
0-1: Ball
1-1: Foul Ball, location: 2F
1-2: Fielders Choice at 2nd, 4-6 (Groundball, 4)
Top of the 7th over - 0 run(s), 0 hit(s), 0 error(s), 0 left on base; Intercourse 10 - Buffalo 1
BOTTOM OF THE 7TH
Buffalo LightSabres batting - Pitching for Intercourse Amish : RHP Don Shelton
Batting: SHB Jason Mason 0-0: Ball
1-0: Called Strike
1-1: Foul Ball, location: 2F
1-2: Ball
2-2: Foul Ball, location: 2F
2-2: Strikes out swinging
Batting: RHB Gabriel 聲gel 0-0: Called Strike
0-1: Swinging Strike
0-2: Ball
1-2: Ball
2-2: Foul Ball, location: 2F
2-2: Strikes out swinging
Batting: LHB Garrett King 0-0: Swinging Strike
0-1: Ball
1-1: Ground out 4-3 (Groundball, 4)
Bottom of the 7th over - 0 run(s), 0 hit(s), 0 error(s), 0 left on base; Intercourse 10 - Buffalo 1
TOP OF THE 8TH
Intercourse Amish batting - Pitching for Buffalo LightSabres : RHP Travis Whitney
Batting: LHB Bruce Foster 0-0: Ball
1-0: SOLO HOME RUN (Flyball, 9LD), Distance : 345 ft
Batting: LHB Tony O'Bryan 0-0: Ball
1-0: Ball
2-0: Ground out 5-3 (Groundball, 56)
Batting: LHB Dave Reynolds 0-0: Ground out 6-3 (Groundball, 56)
Batting: RHB Frank Maxwell 0-0: Ball
1-0: Ground out 6-3 (Groundball, 6M)
Top of the 8th over - 1 run(s), 1 hit(s), 0 error(s), 0 left on base; Intercourse 11 - Buffalo 1
BOTTOM OF THE 8TH
Buffalo LightSabres batting - Pitching for Intercourse Amish : RHP Don Shelton
Now in CF: Leon Heath
Batting: LHB Zack Payton 0-0: Swinging Strike
0-1: Called Strike
0-2: Ball
1-2: Strikes out looking
Batting: RHB John Warren 0-0: Ball
1-0: Called Strike
1-1: Ball
2-1: Foul Ball, location: 2F
2-2: SINGLE (Groundball, 6MD)
Pitching: LHP Justin Short
Batting: LHB Craig Kenney 0-0: Called Strike
0-1: Ball
1-1: Foul Ball, location: 2F
1-2: Strikes out swinging
Batting: RHB Augusto Padilla 0-0: Ball
1-0: Ball
2-0: Ball
3-0: Called Strike
3-1: Called Strike
3-2: Foul Ball, location: 2F
3-2: Fly out, F9 (Flyball, 89M)
Bottom of the 8th over - 0 run(s), 1 hit(s), 0 error(s), 1 left on base; Intercourse 11 - Buffalo 1
TOP OF THE 9TH
Intercourse Amish batting - Pitching for Buffalo LightSabres : RHP Travis Whitney
Batting: RHB Juan Estrada 0-0: Called Strike
0-1: Ball
1-1: Ball
2-1: Foul Ball, location: 2F
2-2: Ground out 5-3 (Groundball, 56)
Pitching: RHP Gavin Robbins
Batting: RHB Juan Caceres 0-0: Fly out, F8 (Flyball, 8RD)
Batting: LHB Caleb Hall 0-0: Called Strike
0-1: Ball
1-1: Swinging Strike
1-2: Ball
2-2: Ball
3-2: Strikes out swinging, 2-3 out at first.
Top of the 9th over - 0 run(s), 0 hit(s), 0 error(s), 0 left on base; Intercourse 11 - Buffalo 1
BOTTOM OF THE 9TH
Buffalo LightSabres batting - Pitching for Intercourse Amish : LHP Justin Short
Now at 2B: Gabriel Stout
Batting: RHB Mike Wagner 0-0: Ball
1-0: Ground out U3 (Groundball, 34)
Batting: RHB Pedro Romero 0-0: Foul Ball, location: 2F
0-1: Ball
1-1: Ball
2-1: Ground out 6-3 (Groundball, 6S)
Batting: SHB Jason Mason 0-0: Ball
1-0: Ball
2-0: Ball
3-0: Called Strike
3-1: Base on Balls
Batting: RHB Gabriel 聲gel
Pinch Hitting: RHB Mario Sol疄 0-0: Fielders Choice at 2nd, 5-4 (Groundball, 5L)
Bottom of the 9th over - 0 run(s), 0 hit(s), 0 error(s), 0 left on base; Intercourse 11 - Buffalo 1
Tuesday, August 8th, 2017 - OOTP Baseball 17.12 Build 75